 Dungeon Crawl Stone Soup version 0.28-a0-1493-g08698888e4 (webtiles) character file.

Game seed: 9398371232279731417

1040 porpoise the Skirmisher (level 8, 0/64 HPs)
             Began as a Demonspawn Gladiator on Jan 13, 2022.
             Was an Initiate of Nemelex Xobeh.
             Slain by a komodo dragon (13 damage)
             ... on level 4 of the Dungeon.
             The game lasted 00:28:37 (10564 turns).

porpoise the Skirmisher (Demonspawn Gladiator)     Turns: 10564, Time: 00:28:38

Health: 0/64       AC:  7    Str: 16    XL:     8   Next: 4%
Magic:  8/8        EV: 12    Int: 10    God:    Nemelex Xobeh [......]
Gold:   182        SH:  0    Dex: 21    Spells: 7/7 levels left

rFire   + + +      SeeInvis .   a - +0 trident
rCold   . . .      Faith    .   (no shield)
rNeg    + . .      Spirit   .   l - +0 ring mail
rPois   .          Reflect  .   c - +1 helmet
rElec   .          Harm     .   (no cloak)
rCorr   .          Rampage  .   (no gloves)
Will    +....                   (no boots)
Stlth   +.........              (no amulet)
HPRegen 0.20/turn               r - ring "Nuoli" {rF+++ Will+ Dex+6}
MPRegen 0.11/turn               v - ring of positive energy

@: no status effects
A: claws 2, powered by death 1, demonic magic 2
a: Renounce Religion, Draw Escape, Draw Destruction, Draw Summoning


You were on level 4 of the Dungeon.
You worshipped Nemelex Xobeh.
Nemelex Xobeh was noncommittal.
You visited 2 branches of the dungeon, and saw 6 of its levels.

You collected 292 gold pieces.
You spent 110 gold pieces at shops.

Inventory:

Hand Weapons
 a - a +0 trident (weapon)
Missiles
 d - 2 throwing nets (quivered)
 e - 195 stones
 i - 55 arrows
 n - 66 sling bullets
 t - 20 bolts
Armour
 c - a +1 helmet (worn)
 l - a +0 ring mail (worn)
Jewellery
 g - a +6 ring of intelligence
 h - a ring of resist corrosion
 r - the ring "Nuoli" (left claw) {rF+++ Will+ Dex+6}
   (You acquired it on level 4 of the Dungeon)

   [ring of dexterity]

   Dex:       It affects your dexterity (+6).
   rF:        It renders you almost immune to fire.
   Will:      It increases your willpower.
 u - a ring of ice
 v - a ring of positive energy (right claw)
Wands
 b - a wand of mindburst (11)
Scrolls
 m - a scroll of amnesia
 o - 3 scrolls of fear
 s - a scroll of enchant armour
 y - a scroll of brand weapon {unknown}
Potions
 f - a potion of magic
 j - a potion of mutation
 k - a potion of resistance
 p - 2 potions of curing {unknown}
 q - a potion of haste
 w - 2 potions of brilliance
 x - a potion of lignification {unknown}
 z - 2 potions of cancellation {unknown}


   Skills:
 * Level 6.2 Fighting
 - Level 6.0 Polearms
 - Level 1.7 Throwing
 - Level 2.6 Dodging
 + Level 3.5 Unarmed Combat
 * Level 1.1 Invocations


You had 7 spell levels left.
You didn't know any spells.
Your spell library contained the following spells:

 Spells                   Type           Power      Damage    Failure   Level
 Slow                     Hex            0%         N/A       58%         1
 Confusing Touch          Hex            0%         N/A       91%         3
 Dazzling Flash           Conj/Hex       0%         N/A       91%         3
 Stone Arrow              Conj/Erth      0%         3d7       91%         3
 Vampiric Draining        Necr           0%         2d6       91%         3
 Lehudib's Crystal Spear  Conj/Erth      0%         10d2      100%        8


Dungeon Overview and Level Annotations

Branches:
Dungeon (5/15)             Temple (1/1) D:4

Altars:
Fedhas
Kikubaaqudgha
Nemelex Xobeh
Ru
Sif Muna
Trog
Wu Jian
Yredelemnul
Zin

Shops:
D:1 :   D:2 *

Annotations:
D:5 1 exclusion, Sigmund


Innate Abilities, Weirdness & Mutations

You have very sharp fingernails.
You regenerate a little health from kills.
Spells you cast may paralyse nearby enemies.


Message History

You hit the scorpion but do no damage.
The scorpion is heavily wounded.
The scorpion stings you but does no damage.
You closely miss the scorpion.
The scorpion is heavily wounded.
The scorpion stings you.
You puncture the scorpion!
You kill the scorpion!
Your Invocations skill increases to level 1!
You have reached level 8!
You feel agile.
Your demonic ancestry asserts itself...
Your magic grows more menacing.
You start resting.
HP restored.
Things that are here:
a +0 club; a scorpion corpse; an orc skeleton You can't go down here!
There is a stone staircase leading down, spattered with blood here.
You climb downwards.
Level annotation: 1 exclusion, Sigmund The killer bee zombie hits you but does no damage.
The komodo dragon bites you!!
The killer bee zombie barely misses you.
The komodo dragon closely misses you.
There is a stone staircase leading up, spattered with blood here.
The killer bee zombie hits you.
The killer bee zombie closely misses you.
The komodo dragon bites you!!
* * * LOW HITPOINT WARNING * * *
You climb upwards.
There is a stone staircase leading down, spattered with blood here.
Things that are here:
a +0 leather armour; a +0 mace; an orc skeleton You see here a +0 club.
Aiming: Mindburst
Press: ? - help, Shift-Dir - straight line, f - komodo dragon
Aim: a komodo dragon (chance to affect: 47%)
The komodo dragon's mind is blasted!!
The komodo dragon bites you!
You die...
Your body disappears without a glow.

.................................
.....................####........
.....................# #.........
.....................# #.........
............#........# #.........
..##........#........# #.........
.......##............###.........
......######..........##.........
..........##...l@.....######.....
...........#..........## #.....
..............[##......# #.....
...####......>)##......#####.....
...'..+.....##[##......'.........
...####.....##.##......#####<....
...# #.....##.##.#....#.....####
...# #.....##....######.##......
...# #.###.####### #.##.#####


You could see a komodo dragon.

Vanquished Creatures
  3 necrophages
  A bullfrog (D:4)
  2 scorpions
  3 wights (D:4)
  A centaur zombie (D:4)
  A human zombie (D:4)
  A jelly (D:4)
  2 hounds (D:5)
  An orc priest (D:4)
  A centaur skeleton (D:4)
  A gnoll shaman (D:5)
  2 orc wizards
  2 mummies (D:4)
  4 gnolls (D:5)
  2 adders
  A shadow imp (D:5)
  An ufetubus (D:5)
  An adder skeleton (D:4)
  2 adder zombies (D:4)
  A worm (D:2)
  4 dart slugs
  An orc (D:4)
  11 ball pythons
  4 bats
  6 endoplasms
  3 giant cockroaches
  9 goblins
  9 hobgoblins (D:1)
  9 jackals
  6 quokkas
  A jackal zombie (D:4)
  7 kobolds
  7 rats
110 creatures vanquished.

Vanquished Creatures (others)
  3 plants (D:5)
3 creatures vanquished.

Grand Total: 113 creatures vanquished

Notes
Turn   | Place    | Note
-------+----------+-------------------------------------------
     0 | D:1      | porpoise the Demonspawn Gladiator began the quest for the
                  | Orb.
     0 | D:1      | Reached XP level 1. HP: 16/16 MP: 1/1
   456 | D:1      | Gained mutation: You have sharp fingernails. [demonic
                  | ancestry]
   456 | D:1      | Reached XP level 2. HP: 23/23 MP: 2/2
  1426 | D:1      | Reached XP level 3. HP: 27/28 MP: 3/3
  1840 | D:1      | Found Leclar's Book Shop.
  1851 | D:1      | Reached skill level 1 in Unarmed Combat
  2921 | D:2      | Found Fani's Assorted Antiques.
  2929 | D:2      | Bought a scroll labelled BUCUK PUAS for 22 gold pieces
  2929 | D:2      | Bought a scroll labelled EGET HUFAUGA for 22 gold pieces
  2929 | D:2      | Bought a scroll labelled MUEMICI OTHE for 22 gold pieces
  3155 | D:2      | Gained mutation: Spells you cast may paralyse adjacent
                  | enemies. [demonic ancestry]
  3155 | D:2      | Reached XP level 4. HP: 35/35 MP: 4/4
  3571 | D:3      | Found a faded altar of an unknown god.
  3919 | D:2      | Bought a scroll labelled MUEMICI OTHE for 22 gold pieces
  3919 | D:2      | Bought a scroll labelled PAEFUIP PAEBIO for 22 gold pieces
  4082 | D:3      | Got the Almanac of Battle Magic
  4223 | D:3      | Found a sacrificial altar of Ru.
  5463 | D:4      | Noticed a bullfrog
  5474 | D:4      | Killed a bullfrog
  5475 | D:4      | Reached XP level 5. HP: 20/42 MP: 5/5
  5684 | D:4      | Found a staircase to the Ecumenical Temple.
  5690 | Temple   | Entered the Ecumenical Temple
  5786 | Temple   | Became a worshipper of Nemelex Xobeh the Trickster
  6512 | D:4      | HP: 2/40 [wight (7)]
  7078 | D:4      | Gained mutation: You have very sharp fingernails. [demonic
                  | ancestry]
  7078 | D:4      | Reached XP level 6. HP: 20/46 MP: 6/6
  8398 | D:4      | Reached skill level 5 in Polearms
  8462 | D:4      | Reached skill level 5 in Fighting
  8462 | D:4      | Gained mutation: You regenerate a little health from kills.
                  | [demonic ancestry]
  8462 | D:4      | Reached XP level 7. HP: 32/52 MP: 7/7
  8817 | D:4      | Found a basalt altar of Yredelemnul.
  8888 | D:5      | Entered Level 5 of the Dungeon
  8896 | D:5      | Acquired the ring "Nuoli" {rF+++ Will+ Dex+6}
  8920 | D:5      | Noticed Sigmund
 10427 | D:5      | Noticed a komodo dragon
 10548 | D:4      | Reached skill level 1 in Invocations
 10548 | D:4      | Gained mutation: Spells you cast may paralyse nearby
                  | enemies. [demonic ancestry]
 10548 | D:4      | Reached XP level 8. HP: 59/64 MP: 8/8
 10564 | D:4      | Slain by a komodo dragon

Illustrated notes

Levels and vault maps discovered:
D:1:      dpeg_arrival_morbid_curiosity, layout_loops_ring, serial_shops,
          shop_statue
D:2:      layout_loops_cross, serial_shops, shop
D:3:      layout_loops_ring, nicolae_ru_the_path_less_chosen,
          dreamdust_ecumenical_altar_sealed_demon, st_stairs_12
D:4:      layout_basic, lemuel_mausoleum_altar_yredelemnul,
          minmay_temple_entry_enclosed_plants
D:5:      layout_cave_pools, serial_bayou, serial_bayou_pond_e,
          serial_bayou_shore_a, serial_bayou_lagoon_a, serial_bayou_pond_e,
          minmay_divided_ellipse, uniq_sigmund
Temple:   regret_index_temple_generic_petals

Skill      XL: |  1  2  3  4  5  6  7 |
---------------+----------------------+-----
Polearms       | 3 4 5 6 |  6.0
Unarmed Combat | 1 2 3 |  3.5
Fighting       | 3 4 5 6 |  6.2
Invocations    | 1 |  1.1
Throwing       | |  1.7
Dodging        | |  2.6

Action                   |  1- 3 |  4- 6 |  7- 9 || total
-------------------------+-------+-------+-------++-------
Melee: Trident           |   160 |   225 |   114 ||   499
       Punch             |     2 |     4 |     2 ||     8
Throw: Throwing net      |       |     4 |       ||     4
       Stone             |       |     4 |       ||     4
Evoke: Wand              |       |       |     6 ||     6
  Use: Scroll            |       |    12 |     3 ||    15
       Potion            |       |     1 |     1 ||     2
 Stab: Held in net/web   |       |     2 |       ||     2
Armor: Leather armour    |    23 |       |       ||    23
       Ring mail         |    18 |    47 |    41 ||   106
Dodge: Dodged            |    83 |   103 |    73 ||   259

Table legend: (Time is in decaauts)
 A = Elapsed time spent in this place.
 B = Non-inter-level travel time spent in this place.
 C = Inter-level travel time spent in this place.
 D = Time resting spent in this place.
 E = Time spent auto-exploring this place.
 F = Levels seen in this place.
 G = Mean time per level.
                   A        B        C        D        E       F      G
               +--------+--------+--------+--------+--------+-----+--------+
         Total |  10581 |  10174 |    407 |   5215 |   3522 |   6 | 1763.5 |
       Dungeon |  10428 |  10078 |    350 |   5215 |   3434 |   5 | 2085.6 |
        Temple |    153 |     96 |     57 |      0 |     88 |   1 |  153.0 |
               +--------+--------+--------+--------+--------+-----+--------+

Top non-repeatable levels by time:
     D:4: 4797 daAuts
     D:1: 2227 daAuts
     D:2: 1362 daAuts
     D:3: 1153 daAuts
     D:5: 888 daAuts
  Temple: 153 daAuts
